 Dungeon Crawl Stone Soup version 0.20.1-2-g1830e616b0 (webtiles) character file.

189 Alfie the Shooter (level 6, -3/46 HPs)
             Began as a Human Hunter on Jan 23, 2020.
             Slain by an orc warrior
             ... wielding a +0 long sword
              (14 damage)
             ... on level 4 of the Dungeon.
             The game lasted 00:08:48 (1470 turns).

Alfie the Shooter (Human Hunter)                    Turns: 1470, Time: 00:08:49

Health: -3/46      AC:  5    Str: 15    XL:     6   Next: 0%
Magic:  6/6        EV: 12    Int: 11    God:
Gold:   195        SH:  0    Dex: 13    Spells: 5/5 levels left

rFire    . . .     SeeInvis .   a - +1 shortbow
rCold    . . .     Gourm    .   (shield currently unavailable)
rNeg     . . .     Faith    .   c - +0 leather armour
rPois    .         Spirit   .   (no helmet)
rElec    .         Reflect  .   r - +0 cloak
rCorr    .         Harm     .   (no gloves)
MR       .....                  i - +0 pair of boots
Stlth    +.........             (no amulet)
Regen    0.2/turn               (no ring)
MPRegen  0.1/turn               (no ring)

@: no status effects
A: no striking features
a: no special abilities


You were on level 4 of the Dungeon.
You were not hungry.

You visited 1 branch of the dungeon, and saw 4 of its levels.

You collected 195 gold pieces.

Inventory:

Hand Weapons
 a - a +1 shortbow (weapon)
 b - a +0 short sword
Missiles
 d - 24 arrows (quivered)
 q - 2 exploding tomahawks
Armour
 c - a +0 leather armour (worn)
 i - a +0 pair of boots (worn)
 r - a +0 cloak (worn)
Scrolls
 e - a scroll of identify
Potions
 j - a potion of curing
 k - 2 potions of heal wounds {unknown}
 n - 2 potions of lignification {unknown}
 o - a potion of mutation {unknown}
 p - a potion of flight {unknown}
Comestibles
 f - 2 bread rations
 g - 3 royal jellies
 l - 3 fruits


   Skills:
 + Level 2.8 Fighting
 + Level 5.7 Bows
 + Level 0.6 Throwing
 + Level 1.3 Armour
 + Level 2.6 Dodging
 + Level 1.1 Stealth


You had 5 spell levels left.
You didn't know any spells.

Dungeon Overview and Level Annotations

Branches:
Dungeon (4/15)
 Temple: D:4-7

Altars:
Ashenzari
Dithmenos
Nemelex Xobeh
Okawaru

Annotations:
D:3 Alfie's ghost, amateur HuHu
D:4 1 transporter


Message History

Your experience leads to an increase in your attributes!
Increase (S)trength, (I)ntelligence, or (D)exterity?
You feel stronger.
The orc warrior hits you with a long sword!
Firing (i - inventory. (,) - cycle):
d - 26 arrows (quivered)
Press: ? - help, Shift-Dir - straight line, f/p - orc warrior
Aim: an orc warrior, wielding a long sword and wearing a chain mail (moderately wounded)
You shoot an arrow.
The arrow completely misses the orc warrior.
The arrow closely misses the orc.
The orc warrior hits you with a long sword.
* * * LOW HITPOINT WARNING * * *
Firing (i - inventory. (,) - cycle):
d - 25 arrows (quivered)
Press: ? - help, Shift-Dir - straight line, f/p - orc warrior
Aim: an orc warrior, wielding a long sword and wearing a chain mail (moderately wounded)
You shoot an arrow.
The arrow hits the orc warrior but does no damage.
The orc warrior is moderately wounded.
The orc warrior hits you with a long sword!
You die...

. ###...)$...
...#####..<.......
##................
#..###..##........
#......#....####
#...#..#......#
#.# #.###......#
#. #.# .##.#...
#@# ..# .###. .
#o# ## .#
....##o##.###
.......oo....#
####.........#
#......o....#
.......(..(....
........(...###
.........o..(.!


You could see an orc warrior, an orc wizard and 2 orcs.

Vanquished Creatures
  A howler monkey (D:4)
  Jessica (D:2)
  A hound skeleton (D:4)
  3 adders (D:2)
  2 worms
  3 dart slugs
  A leopard gecko (D:2)
  8 orcs
  4 bats
  6 giant cockroaches
  9 goblins
  9 hobgoblins
  4 jackals
  2 quokkas (D:2)
  3 frilled lizards
  A kobold (D:2)
  4 rats
62 creatures vanquished.

Notes
Turn   | Place    | Note
-------+----------+-------------------------------------------
     0 | D:1      | Alfie the Human Hunter began the quest for the Orb.
     0 | D:1      | Reached XP level 1. HP: 16/16 MP: 1/1
    46 | D:1      | Reached XP level 2. HP: 22/22 MP: 2/2
   347 | D:1      | Reached XP level 3. HP: 27/27 MP: 3/3
   537 | D:2      | Found a shadowy altar of Dithmenos.
   577 | D:2      | Noticed Jessica
   583 | D:2      | Killed Jessica
   583 | D:2      | Reached XP level 4. HP: 33/33 MP: 4/4
   643 | D:2      | Reached skill level 5 in Bows
   728 | D:2      | Found an iron altar of Okawaru.
   728 | D:2      | Found a shattered altar of Ashenzari.
   729 | D:2      | Found a sparkling altar of Nemelex Xobeh.
  1005 | D:2      | Reached XP level 5. HP: 28/39 MP: 5/5
  1109 | D:2      | Found a sparkling altar of Nemelex Xobeh.
  1347 | D:3      | Noticed Alfie's ghost (amateur HuHu)
  1394 | D:4      | Found a transporter.
  1414 | D:4      | Reached skill level 1 in Armour
  1446 | D:4      | Noticed an orc warrior
  1468 | D:4      | Reached XP level 6. HP: 25/46 MP: 6/6
  1470 | D:4      | Slain by an orc warrior

Skill      XL: |  1  2  3  4  5 |
---------------+----------------+-----
Bows           | 5 |  5.7
Armour         | 1 |  1.3
Fighting       | |  2.8
Throwing       | |  0.6
Dodging        | |  2.6
Stealth        | |  1.1

Action                   |  1- 3 |  4- 6 || total
-------------------------+-------+-------++-------
Melee: Short sword       |     1 |     6 ||     7
 Fire: Shortbow          |    46 |   127 ||   173
Throw: Tomahawk          |     3 |       ||     3
  Use: Scroll            |       |     4 ||     4
       Potion            |       |     1 ||     1
  Eat: Bread ration      |       |     1 ||     1
Armor: Leather armour    |     2 |    23 ||    25
Dodge: Dodged            |     6 |    48 ||    54
